 Dungeon Crawl Stone Soup version 0.21-a0-104-g7b58145 (webtiles) character file.

3117 MackTheKnife the Fighter (level 9, -2/102 HPs)
             Began as an Ogre Arcane Marksman on July 6, 2017.
             Was an Elder of Okawaru.
             Slain by a killer bee (9 damage)
             ... on level 8 of the Dungeon.
             The game lasted 00:18:38 (9486 turns).

MackTheKnife the Fighter (Ogre Arcane Marksman)     Turns: 9486, Time: 00:18:38

Health: -2/102     AC:  3    Str: 19    XL:     9   Next: 91%
Magic:  0/10       EV: 10    Int: 14    God:    Okawaru [****..]
Gold:   256        SH:  0    Dex: 11    Spells: 3/10 levels left

rFire    + . .     SeeInvis .   C - +1 giant club
rCold    . . .     Gourm    .   (shield currently unavailable)
rNeg     . . .     Faith    +   w - +0 robe {rF+}
rPois    .         Spirit   +   h - +0 hat
rElec    .         Reflect  .   l - scarf {Spirit}
rCorr    .         Harm     .   (gloves unavailable)
MR       .....                  (boots unavailable)
Stlth    +.........             a - amulet of faith {Faith, !P}
HPRegen  0.27/turn              v - +2 ring of strength
MPRegen  0.12/turn              (no ring)

@: lethally poisoned (-2 -> -4)
A: unfitting armour, tough skin 1
a: Heroism, Renounce Religion


You were on level 8 of the Dungeon.
You worshipped Okawaru.
Okawaru was greatly pleased with you.
You were near starving.

You visited 1 branch of the dungeon, and saw 8 of its levels.

You collected 451 gold pieces.
You spent 195 gold pieces at shops.

Inventory:

Hand Weapons
 C - a +1 giant club (weapon)
   (You took it off an ogre on level 5 of the Dungeon)
Missiles
 d - 2 throwing nets {=f, !d}
Armour
 h - a +0 hat (worn)
   (You found it on level 5 of the Dungeon)
 l - a scarf of spirit shield (worn)
   (You found it on level 1 of the Dungeon)
 w - a +0 robe of fire resistance (worn)
   (You found it on level 3 of the Dungeon)
Magical Staves
 y - an uncursed staff of power {MP+17, !a}
   (You found it on level 4 of the Dungeon)
Jewellery
 a - an amulet of faith (around neck) {Faith, !P}
   (You found it on level 5 of the Dungeon)
 v - a +2 ring of strength (left hand)
   (You found it on level 3 of the Dungeon)
 A - an uncursed amulet of rage {+Rage, !d}
   (You found it on level 4 of the Dungeon)
Wands
 g - a wand of enslavement (5/24)
   (You took it off a centaur on level 5 of the Dungeon)
 q - a wand of disintegration (0/24)
   (You found it on level 2 of the Dungeon)
Scrolls
 e - 2 scrolls of fog
 s - a scroll of remove curse
 t - 2 scrolls of fear
 G - a scroll of magic mapping {!r}
 H - a scroll of enchant armour
 L - a scroll of blinking {!r}
Potions
 m - 3 potions of heal wounds
 n - a potion of curing
 o - 2 potions of brilliance
 p - 2 potions of magic
 r - a potion of invisibility
 x - a potion of flight
 B - a potion of cancellation
 E - 2 potions of haste
 F - 3 potions of might
 K - a potion of mutation {!q}
Books
 b - a book of Debilitation
 z - the Guide on Execration and Stones
   (You found it on level 5 of the Dungeon)

   Spells                             Type                      Level
   a - Spectral Weapon                Hexes/Charms                 3
   b - Portal Projectile              Hexes/Translocation          3
   c - Petrify                        Transmutation/Earth          4
   d - Discord                        Hexes                        8
 D - a book of Geomancy
   (You found it on level 5 of the Dungeon)
 I - a book of Minor Magic
   (You found it on level 5 of the Dungeon)
 J - a Necronomicon
   (You found it on level 8 of the Dungeon)
Comestibles
 f - 4 bread rations {@e1}
 i - 8 meat rations {@e2}
 j - 3 royal jellies
 k - a fruit


   Skills:
 + Level 10.7 Fighting
 + Level 9.8 Maces & Flails
 - Level 2.0 Throwing
 - Level 1.7 Dodging
 - Level 1.2 Spellcasting
 - Level 2.6 Hexes


You had 3 spell levels left.
You knew the following spells:

 Your Spells              Type           Power        Failure   Level  Hunger
a - Inner Flame           Hex/Fire       #.......     41%         3    ####...
v - Corona                Hex            #......      9%          1    ##.....
z - Spectral Weapon       Hex/Chrm       #.......     41%         3    ####...


Dungeon Overview and Level Annotations

Branches:
Dungeon (8/15)             Temple (0/1) D:7
   Lair: D:8-11

Altars:
Dithmenos
Gozag
Okawaru
Ru
Sif Muna
Trog
Wu Jian
Yredelemnul
The Shining One

Shops:
D:4 :   D:5 !(}   D:7 ??%


Innate Abilities, Weirdness & Mutations

You are too large for most types of armour.
You have tough skin. (AC +1)


Message History

You take 12 damage, and have 14/102 hp.
You now have 2/10 mp.
You feel much better. Sigmund barely misses you.
You regained 22 hp, and now have 36/102 hp.
You don't have enough magic to cast that spell.
You barely miss Sigmund. Sigmund hits you but does no damage.
You hit Sigmund.
A killer bee comes into view.
The killer bee buzzes angrily.
You sock Sigmund!
You kill Sigmund!
Okawaru accepts your kill.
Things that are here:
a scythe; a robe; 2 potions of flight
Aim: a killer bee (chance to defeat MR: 73%)
The killer bee is blasted.
You blow up the killer bee!
Okawaru accepts your kill.
Evoking this partially-identified wand wasted a few charges.
There isn't anything to butcher here.
You start resting.
A killer bee comes into view.
The killer bee buzzes angrily.
Aim: a killer bee (chance to defeat MR: 73%)
The killer bee struggles to resist.
Evoking this partially-identified wand wasted a few charges.
Aim: a killer bee (chance to defeat MR: 73%)
The killer bee struggles to resist.
Evoking this partially-identified wand wasted a few charges.
The killer bee closely misses you. The killer bee completely misses you.
Aim: a killer bee (chance to defeat MR: 73%)
The killer bee struggles to resist.
Evoking this partially-identified wand wasted a few charges.
The killer bee stings you!
You are poisoned.
The killer bee poisons you! The killer bee barely misses you.
You take 6 damage, and have 34/102 hp.
Aim: a killer bee (chance to defeat MR: 73%)
The killer bee is blasted.
Evoking this partially-identified wand wasted a few charges.
You feel sick. The killer bee stings you!
* * * LOW HITPOINT WARNING * * *
The killer bee stings you.
* * * LOW HITPOINT WARNING * * *
You are more poisoned.
The killer bee poisons you!
You take 8 damage, and have 26/102 hp.
You now have 3/10 mp.
Aim: a killer bee (almost dead, chance to defeat MR: 73%) Nothing appears to happen.
You feel sick. The killer bee completely misses you. The killer bee stings you.
* * * LOW HITPOINT WARNING * * *
You take 6 damage, and have 20/102 hp.
You now have 2/10 mp.
Unknown command.
This wand has no charges.
Unknown command.
You feel better. The killer bee barely misses you. x2
You regained 9 hp, and now have 29/102 hp.
Okay, then.
Wield which item (- for none, * to show all)? (? for menu, Esc to quit)
Okay, then.
Okay, then.
Unknown command.
Okay, then.
You thump the killer bee!
You kill the killer bee!
Okawaru accepts your kill.
You start resting.
The killer bee buzzes angrily.
You draw out your weapon's spirit!
The killer bee closely misses you. The killer bee barely misses you.
You now have 0/10 mp.
Unknown command.
The killer bee stings you!
* * * LOW HITPOINT WARNING * * *
You are poisoned.
The killer bee poisons you! The killer bee closely misses you.
You take 8 damage, and have 24/102 hp.
You barely miss the killer bee.
You feel sick.
Your spectral weapon barely misses the killer bee.
The killer bee stings you.
* * * LOW HITPOINT WARNING * * *
The killer bee stings you.
* * * LOW HITPOINT WARNING * * *
You take 9 damage, and have 15/102 hp.
You sock the killer bee!
You feel sick.
Your spectral weapon misses the killer bee.
The killer bee closely misses you. The killer bee stings you.
* * * LOW HITPOINT WARNING * * *
You are more poisoned.
The killer bee poisons you!
You take 5 damage, and have 10/102 hp.
You feel better. The killer bee stings you!
* * * LOW HITPOINT WARNING * * *
You are poisoned.
The killer bee poisons you! The killer bee stings you.
* * * LOW HITPOINT WARNING * * *
You take 2 damage, and have 8/102 hp.
You closely miss the killer bee.
You feel sick.
Your spectral weapon barely misses the killer bee.
The killer bee stings you!
You die...

#.#########
#.....###.... #.#
####### ##### #.#
#... #.#########
#### #.{.......#
#†#######.#
###.###.###.#
#........##.#####
#.#.###.......(@#
#....######.###y#
#.....# #.# #.#
......... #.# #.#
###...y... >.#
#.# #.#
#.####..#### #†#
#.. #.
g.######.#####
### #.
.##.........#
#)###.###.#


You could see a killer bee and a friendly spectral giant club.

Vanquished Creatures
  An ugly thing (D:8)
  Sigmund (D:8)
  A hungry ghost (D:8)
  3 orc warriors
  An ice beast (D:6)
  A phantom (D:6)
  A necrophage (D:5)
  2 ogres
  A centaur (D:5)
  A bullfrog (D:7)
  2 scorpions
  6 killer bees
  2 jellies
  A howler monkey (D:4)
  4 crimson imps
  A bullfrog zombie (D:5)
  5 hounds
  4 orc priests
  8 orc wizards
  An iguana (D:5)
  8 worker ants
  A hound zombie (D:5)
  A hound skeleton (D:6)
  2 worker ant zombies
  5 adders
  An ooze (D:5)
  2 adder skeletons
  3 worms
  2 dart slugs (D:1)
  A leopard gecko (D:4)
  37 orcs
  2 ball pythons
  5 giant cockroaches
  3 hobgoblins
  4 jackals
  10 kobolds
  6 quokkas
  5 bats
  3 frilled lizards
  5 goblins
  7 rats
160 creatures vanquished.

Vanquished Creatures (others)
  A spectral weapon (D:8)
1 creature vanquished.

Grand Total: 161 creatures vanquished

Notes
Turn   | Place    | Note
-------+----------+-------------------------------------------
     0 | D:1      | MackTheKnife the Ogre Arcane Marksman began the quest for the Orb.
     0 | D:1      | Reached XP level 1. HP: 19/19 MP: 2/2
   132 | D:1      | Reached skill level 2 in Fighting
   219 | D:1      | Reached XP level 2. HP: 12/29 MP: 1/3
   594 | D:1      | Reached skill level 3 in Fighting
  1537 | D:2      | Reached XP level 3. HP: 37/37 MP: 4/4
  1558 | D:2      | Reached skill level 1 in Maces & Flails
  1974 | D:2      | Found a shadowy altar of Dithmenos.
  2123 | D:2      | Reached skill level 4 in Fighting
  2523 | D:3      | Found a bloodstained altar of Trog.
  2659 | D:3      | Reached XP level 4. HP: 38/48 MP: 2/5
  2944 | D:3      | Reached skill level 2 in Maces & Flails
  3334 | D:3      | Found an iron altar of Okawaru.
  3335 | D:3      | Found a basalt altar of Yredelemnul.
  3335 | D:3      | Found a glowing golden altar of the Shining One.
  3342 | D:3      | Became a worshipper of Warmaster Okawaru
  3371 | D:3      | Reached skill level 5 in Fighting
  3371 | D:3      | Reached XP level 5. HP: 28/57 MP: 3/6
  3620 | D:5      | Entered Level 5 of the Dungeon
  4024 | D:4      | Found Damo's Book Shoppe.
  4071 | D:5      | Reached skill level 3 in Maces & Flails
  4357 | D:4      | Reached XP level 6. HP: 64/67 MP: 7/7
  4394 | D:4      | Reached skill level 6 in Fighting
  5124 | D:5      | Found Entuwea's Gadget Shoppe.
  5173 | D:5      | Reached skill level 4 in Maces & Flails
  5309 | D:5      | Reached XP level 7. HP: 55/76 MP: 5/8
  5425 | D:5      | Reached skill level 7 in Fighting
  5448 | D:5      | Reached * piety under Okawaru
  5452 | D:5      | Found an opulent altar of Gozag.
  5468 | D:5      | Identified the Guide on Execration and Stones
  5650 | D:5      | Reached skill level 5 in Maces & Flails
  5927 | D:5      | Found Ithi Aph's Distillery.
  5930 | D:5      | Bought 2 potions of might for 120 gold pieces
  5930 | D:5      | Bought a potion of heal wounds for 75 gold pieces
  5934 | D:5      | Learned a level 3 spell: Spectral Weapon
  6152 | D:5      | Reached XP level 8. HP: 59/87 MP: 0/9
  6359 | D:5      | Reached skill level 6 in Maces & Flails
  6416 | D:5      | Found Fatihet's Weapon Shoppe.
  6561 | D:5      | Reached ** piety under Okawaru
  6701 | D:6      | Reached skill level 7 in Maces & Flails
  6781 | D:6      | Found a sacrificial altar of Ru.
  7338 | D:6      | Reached skill level 8 in Maces & Flails
  7364 | D:6      | Found an ornate altar of the Wu Jian Council.
  7460 | D:7      | Reached *** piety under Okawaru
  7466 | D:7      | Found Wuwic's Magic Scroll Shoppe.
  7478 | D:7      | Found Wutof's Food Emporium.
  7514 | D:7      | Reached skill level 8 in Fighting
  7647 | D:7      | Found Reudaxto's Magic Scroll Shop.
  7698 | D:7      | Found a deep blue altar of Sif Muna.
  7802 | D:7      | Reached XP level 9. HP: 93/95 MP: 10/10
  8116 | D:7      | Found a staircase to the Ecumenical Temple.
  8215 | D:7      | Found a sacrificial altar of Ru.
  8537 | D:8      | Reached skill level 9 in Fighting
  8648 | D:8      | Noticed a green ugly thing
  8655 | D:8      | Killed a white ugly thing
  8655 | D:8      | Reached **** piety under Okawaru
  8655 | D:8      | Reached skill level 9 in Maces & Flails
  8677 | D:8      | Got an encrusted halberd
  8748 | D:8      | Identified the +10 halberd of Untruth {chop, rElec Dex+2} (You found it on level 8 of the Dungeon)
  9028 | D:7      | Reached skill level 10 in Fighting
  9264 | D:8      | Learned a level 3 spell: Inner Flame
  9409 | D:8      | Noticed Sigmund
  9410 | D:8      | Noticed a queen bee
  9450 | D:8      | HP: 14/102 [Sigmund/scythe (12)]
  9454 | D:8      | Killed Sigmund
  9470 | D:8      | HP: 25/102 [poisoned by a killer bee]
  9482 | D:8      | HP: 24/102 [killer bee (8)]
  9484 | D:8      | HP: 10/102 [killer bee (5)]
  9486 | D:8      | Slain by a killer bee

Vault maps used:
D:1:      sevenhm_arrival_forest_fort_small_4
D:2:      nicolae_dithmenos_shadow_blocks
D:3:      gammafunk_temple_overflow_claw, nicolae_overflow_crystal_walls,
          first_bread
D:4:      serial_shops, shop
D:5:      serial_shops, shop, kennysheep_mini_moat, shop, minmay_ruined_shrine
D:6:      lemuel_crystal_altar, lemuel_tele_altar
D:7:      lemuel_coloured_pillars_altar, temple_hall_moat, serial_shops,
          kennysheep_little_box, nicolae_shop_trees, shop,
          nicolae_ru_sacrificial_ziggurat
D:8:      minmay_tri_box, david_nohive_1, sigmund_army

Skill      XL: |  1  2  3  4  5  6  7  8  9 |
---------------+----------------------------+-----
Fighting       | 2 3 4 5 6 7 8 10 | 10.7
Maces & Flails | 1 2 3 4 5 8 9 |  9.8
Throwing       | |  2.0
Dodging        | |  1.7
Spellcasting   | |  1.2
Hexes          | |  2.6

Action                   |  1- 3 |  4- 6 |  7- 9 || total
-------------------------+-------+-------+-------++-------
Melee: Unarmed           |    93 |       |       ||    93
       Whip              |   133 |    23 |       ||   156
       Flail             |       |   174 |       ||   174
       Giant club        |       |       |   266 ||   266
Throw: Large rock        |    12 |     3 |     5 ||    20
 Cast: Corona            |     2 |       |       ||     2
       Spectral Weapon   |       |       |    18 ||    18
Evoke: Wand              |       |       |     8 ||     8
  Use: Scroll            |     2 |     2 |    16 ||    20
       Potion            |       |     1 |     5 ||     6
 Stab: Distracted        |       |       |     1 ||     1
  Eat: Chunk             |     6 |     4 |    11 ||    21
       Bread ration      |       |     1 |     1 ||     2
Armor: Robe              |    54 |    37 |    41 ||   132
Dodge: Dodged            |   136 |   124 |   149 ||   409

Vault maps used:
D:1:      sevenhm_arrival_forest_fort_small_4
D:2:      nicolae_dithmenos_shadow_blocks
D:3:      gammafunk_temple_overflow_claw, nicolae_overflow_crystal_walls,
          first_bread
D:4:      serial_shops, shop
D:5:      serial_shops, shop, kennysheep_mini_moat, shop, minmay_ruined_shrine
D:6:      lemuel_crystal_altar, lemuel_tele_altar
D:7:      lemuel_coloured_pillars_altar, temple_hall_moat, serial_shops,
          kennysheep_little_box, nicolae_shop_trees, shop,
          nicolae_ru_sacrificial_ziggurat
D:8:      minmay_tri_box, david_nohive_1, sigmund_army

Table legend:
 A = Turns spent in this place as a percentage of turns spent in the entire game.
 B = Non-inter-level travel turns spent in this place as a percentage of non-inter-level travel turns spent in the entire game.
 C = Inter-level travel turns spent in this place as a percentage of turns spent in this place.
 D = Turns resting spent in this place as a percentage of non-inter-level travel turns spent in this place.
 E = Turns spent auto-exploring this place as a percentage of non-inter-level travel turns spent in this place.
 F = Non-inter-level travel turns spent in this place divided by the number of levels of this place that you've seen.
                   A       B       C       D       E      F
               +-------+-------+-------+-------+-------+----------------------
         Total | 100.0 | 100.0 |   0.7 |   5.0 |   9.5 | 266.1
       Dungeon | 100.0 | 100.0 |   0.7 |   5.0 |   9.5 | 266.1
               +-------+-------+-------+-------+-------+----------------------

Table legend:
 A = Kills in this place as a percentage of kills in entire the game.
 B = Kills by you in this place as a percentage of kills by you in the entire game.
 C = Kills by friends in this place as a percentage of kills by friends in the entire game.
 D = Other kills in this place as a percentage of other kills in the entire game.
 E = Experience gained in this place as a percentage of experience gained in the entire game.
 F = Experience gained in this place divided by the number of levels of this place that you have seen.
                   A       B       C       D       E      F
               +-------+-------+-------+-------+-------+----------------------
         Total | 100.0 | 100.0 |  -nan |  -nan | 100.0 | 556.8
       Dungeon | 100.0 | 100.0 |  -nan |  -nan | 100.0 | 556.8
               +-------+-------+-------+-------+-------+----------------------
